 Dungeon Crawl Stone Soup version 0.28.0-53-g5a82cb258f (webtiles) character file.

Game seed: 5612159077384909931

1703 ILmort the Cleaver (level 9, -2/82 HPs)
             Began as a Hill Orc Fighter on Aug 16, 2022.
             Was a Follower of Beogh.
             Slain by a tarantella (5 damage)
             ... on level 6 of the Dungeon.
             The game lasted 00:21:25 (5822 turns).

ILmort the Cleaver (Hill Orc Fighter)               Turns: 5822, Time: 00:21:26

Health: -2/82      AC: 14    Str: 23    XL:     9   Next: 3%
Magic:  15/15      EV:  9    Int: 12    God:    Beogh [*.....]
Gold:   795        SH:  0    Dex: 16    Spells: 8/8 levels left

rFire   + . .      SeeInvis .   a - +1 war axe
rCold   . . .      Faith    .   c - +0 buckler
rNeg    . . .      Spirit   .   v - +0 scale mail
rPois   .          Reflect  .   (no helmet)
rElec   .          Harm     .   (no cloak)
rCorr   +          Rampage  +   (no gloves)
Will    .....                   m - +2 pair of boots {rampage}
Stlth   ..........              n - amulet of the acrobat
HPRegen 0.23/turn               g - +4 ring of protection
MPRegen 0.14/turn               d - ring "Gavolloqu" {rF+ Will- rCorr Int+4 Dex+6}

@: confused, studying Axes
A: no striking features
a: Renounce Religion


You were on level 6 of the Dungeon.
You worshipped Beogh.
Beogh was aware of your devotion.
You visited 1 branch of the dungeon, and saw 6 of its levels.

You collected 1075 gold pieces.
You spent 280 gold pieces at shops.

Inventory:

Hand Weapons
 a - a +1 war axe (weapon)
 b - a +2 vorpal flail
 s - a +1 vampiric whip
Armour
 c - a +0 buckler (worn)
 m - a +2 pair of boots of rampaging (worn)
 v - a +0 scale mail (worn)
Jewellery
 d - the ring "Gavolloqu" (right hand) {rF+ Will- rCorr Int+4 Dex+6}
   (You found it on level 3 of the Dungeon)

   [ring of dexterity]

   Int:       It affects your intelligence (+4).
   Dex:       It affects your dexterity (+6).
   rF:        It protects you from fire.
   rCorr:     It protects you from acid and corrosion.
   Will:      It decreases your willpower.
 f - the amulet "Qiejet" {RegenMP Contam Rampage rElec Will++}
   (You acquired it on level 5 of the Dungeon)

   [amulet of magic regeneration]

   It increases your rate of magic regeneration.
   rElec:     It insulates you from electricity.
   Contam:    It causes magical contamination when unequipped.
   Rampage:   It bestows one free step when moving towards enemies.
   Will:      It greatly increases your willpower.
 g - a +4 ring of protection (left hand)
 n - an amulet of the acrobat (around neck)
 w - a ring of fire
 y - a ring of poison resistance
Wands
 h - a wand of polymorph (3)
 t - a wand of flame (23)
Scrolls
 i - a scroll of magic mapping
 k - a scroll of immolation
 q - a scroll of enchant weapon
 x - 3 scrolls of holy word
Potions
 e - 2 potions of degeneration
 l - 2 potions of curing
 r - a potion of magic


   Skills:
 + Level 8.6 Fighting
 + Level 10.4 Axes
 - Level 3.3 Armour
 - Level 3.3 Shields
 * Level 8.1 Invocations


You had 8 spell levels left.
You didn't know any spells.
Your spell library contained the following spells:

 Spells                   Type           Power      Damage    Failure   Level
 Ensorcelled Hibernation  Hex/Ice        0%         N/A       86%         2
 Passwall                 Tmut/Erth      0%         N/A       86%         2
 Ozocubu's Armour         Ice            0%         N/A       97%         3
 Swiftness                Air            0%         N/A       97%         3
 Ozocubu's Refrigeration  Ice            0%         4d5       100%        7


Dungeon Overview and Level Annotations

Branches:
Dungeon (6/15)             Temple (0/1) D:6

Altars:
Ashenzari

Shops:
D:5 =

Annotations:
D:3 Natasha
D:6 1 runed translucent door, bworf's ghost, novice HOFE


Message History

You closely miss the troll. You block the troll's attack. The troll claws you.
* * * LOW HITPOINT WARNING * * *
You block the troll's attack.
You hit the troll. The troll barely misses you. The troll claws you.
* * * LOW HITPOINT WARNING * * *
The troll claws you but does no damage.
You completely miss the troll. The troll bites you.
* * * LOW HITPOINT WARNING * * *
The troll claws you.
* * * LOW HITPOINT WARNING * * *
The troll claws you but does no damage.
Okay, then.
Okay, then.
Aiming: Throw Flame
Aim: a troll (moderately wounded, 68% to hit)
Okay, then.
Aiming: Polymorph
Aim: a troll (moderately wounded, will become a tarantella, a floating eye, or a yak, chance to affect: 49%)
The troll resists with some effort.
The troll bites you but does no damage. You block the troll's attack.
The troll closely misses you.
Aiming: Polymorph
Aim: a troll (moderately wounded, will become a tarantella, a floating eye, or a yak, chance to affect: 49%)
The troll evaporates and reforms as a tarantella!
The tarantella misses you. The tarantella misses you.
You block the tarantella's attack. The tarantella misses you.
You block the tarantella's attack. x2
You hit the tarantella but do no damage.
The tarantella completely misses you. x2
You slash the tarantella! The tarantella touches you.
* * * LOW HITPOINT WARNING * * *
You block the tarantella's attack.
You closely miss the tarantella. The tarantella closely misses you.
You miss the tarantella.
The tarantella touches you but does no damage.
The tarantella touches you!
* * * LOW HITPOINT WARNING * * *
You are confused.
You closely miss the tarantella. The tarantella touches you.
You die...

#S#....##.#.#
##########* ***
#?#....##.#.###
*≈#....##.....#
###...........#
.......###....######
####...............#
########........#
#.....s..#
#.....@..#
#........#
#........#
#........#***
#$........,,*
###########,***** *
*,,,,,** ***
*,,,,,,****,+
**,,,,,,*,,**


You could see a tarantella.

Vanquished Creatures
  Pikel (D:5)
  Sigmund (D:5)
  Edmund (D:5)
  The ghost of kalagan the Conjurer, an amateur DECj (D:3)
  Duvessa (D:4)
  A sky beast (D:6)
  A phantom (D:2)
  Blork the orc (D:6)
  A scorpion (D:5)
  Dowan (D:4)
  A centaur zombie (D:6)
  2 quasits (D:3)
  A jelly (D:5)
  A hound (D:5)
  2 orc priests
  A scorpion zombie (D:5)
  Natasha (D:3)
  A howler monkey zombie (D:5)
  4 gnolls (D:2)
  5 adders
  An adder skeleton (D:4)
  A worm (D:2)
  8 orcs
  9 ball pythons
  4 bats
  11 endoplasms
  4 goblins
  2 hobgoblins
  3 jackals (D:4)
  A quokka (D:1)
  2 frilled lizards (D:1)
  A jackal skeleton (D:4)
  4 kobolds
  7 rats
87 creatures vanquished.

Notes
Turn   | Place    | Note
-------+----------+-------------------------------------------
     0 | D:1      | ILmort the Hill Orc Fighter began the quest for the Orb.
     0 | D:1      | Reached XP level 1. HP: 19/19 MP: 1/1
    55 | D:1      | Reached skill level 3 in Axes
   114 | D:1      | Reached XP level 2. HP: 27/27 MP: 2/2
  1024 | D:2      | Reached XP level 3. HP: 34/34 MP: 3/3
  1055 | D:2      | Noticed a phantom
  1070 | D:2      | Killed a phantom
  1071 | D:2      | Reached skill level 5 in Fighting
  1071 | D:2      | Reached skill level 4 in Axes
  1071 | D:2      | Reached XP level 4. HP: 28/42 MP: 4/4
  1186 | D:2      | Found a faded altar of an unknown god.
  1226 | D:2      | Reached skill level 5 in Axes
  1226 | D:2      | Reached XP level 5. HP: 47/48 MP: 5/5
  2301 | D:3      | Noticed kalagan's ghost (amateur DECj)
  2329 | D:3      | Found a broken altar of Ashenzari.
  2436 | D:3      | Found a transporter.
  2727 | D:3      | Noticed Natasha
  2738 | D:3      | Killed Natasha
  3030 | D:3      | Reached XP level 6. HP: 57/57 MP: 6/6
  3081 | D:3      | Became a worshipper of Beogh the Brigand
  3159 | D:3      | Found a transporter.
  3213 | D:3      | Reached skill level 6 in Axes
  3216 | D:3      | Noticed Natasha
  3226 | D:3      | Killed kalagan's ghost
  3257 | D:3      | Identified the ring "Gavolloqu" {rF+ Will- rCorr Int+4
                  | Dex+6}
  3552 | D:4      | Reached skill level 1 in Invocations
  3552 | D:4      | Reached XP level 7. HP: 52/64 MP: 7/7
  3701 | D:4      | Noticed Dowan
  3703 | D:4      | Noticed Duvessa
  3716 | D:4      | Killed Duvessa
  3717 | D:4      | Reached skill level 7 in Axes
  3729 | D:4      | Killed Dowan
  4361 | D:5      | Entered Level 5 of the Dungeon
  4366 | D:5      | Identified 4 scrolls of acquirement
  4368 | D:5      | Acquired 939 gold pieces
  4369 | D:5      | Acquired a manual of Axes
  4373 | D:5      | Acquired the amulet "Qiejet" {RegenMP Contam Rampage rElec
                  | Will++}
  4392 | D:5      | Acquired a +2 pair of boots of rampaging
  4435 | D:5      | Noticed Edmund
  4456 | D:5      | Killed Edmund
  4731 | D:5      | Reached skill level 8 in Axes
  4731 | D:5      | Reached XP level 8. HP: 73/73 MP: 11/11
  4865 | D:5      | Found Pungeil's Jewellery Shoppe.
  4871 | D:5      | Bought a ring of poison resistance for 280 gold pieces
  4887 | D:5      | Noticed Pikel
  4911 | D:5      | Killed Pikel
  4911 | D:5      | Reached * piety under Beogh
  4912 | D:5      | Reached skill level 9 in Axes
  5179 | D:5      | Noticed Sigmund
  5196 | D:5      | Killed Sigmund
  5654 | D:6      | Noticed Blork the orc
  5667 | D:6      | Reached skill level 10 in Axes
  5670 | D:6      | Killed Blork the orc
  5683 | D:6      | Noticed bworf's ghost (novice HOFE)
  5691 | D:6      | Reached XP level 9. HP: 66/82 MP: 13/15
  5693 | D:6      | Found a runed translucent door.
  5752 | D:6      | Noticed a troll
  5810 | D:6      | Noticed a tarantella
  5810 | D:6      | a troll changed into a tarantella
  5821 | D:6      | HP: 3/82 [tarantella (7)]
  5822 | D:6      | Slain by a tarantella

Illustrated notes

Levels and vault maps discovered:
D:1:      tarquinn_simple_flora_water_e, layout_loops_ring
D:2:      layout_loops_ring, basic_ecumenical_altar
D:3:      layout_loops_corners, mainiacjoe_overflow_boulevard,
          gammafunk_ghost_stat_death, uniq_natasha
D:4:      layout_cave_pools, grunt_tough_drop, uniq_duvessa
D:5:      layout_loops_corners, serial_shops, shop_fountains, uniq_edmund,
          uniq_sigmund, uniq_pikel
D:6:      layout_basic, minmay_temple_entry_statues_pillars, enter_ossuary_5,
          ebering_ghost_sewer_d, uniq_grinder, uniq_crazy_yiuf_cottage,
          uniq_blork_the_orc

Skill      XL: |  1  2  3  4  5  6  7  8 |
---------------+-------------------------+-----
Axes           | 3 4 5 6 8 10 | 10.4
Fighting       | 4 5 6 7 8 |  8.6
Invocations    | 1 4 8 |  8.1
Armour         | |  3.3
Shields        | |  3.3

Action                   |  1- 3 |  4- 6 |  7- 9 || total
-------------------------+-------+-------+-------++-------
Melee: War axe           |    74 |   134 |   147 ||   355
       Unarmed           |       |       |     8 ||     8
Invok: Convert to Beogh  |       |     1 |       ||     1
Evoke: Wand              |       |       |     2 ||     2
  Use: Scroll            |       |     1 |    19 ||    20
       Potion            |       |     1 |     1 ||     2
Armor: Scale mail        |    31 |   108 |    58 ||   197
Dodge: Dodged            |    35 |    98 |    74 ||   207
Block: Buckler           |    16 |    47 |    40 ||   103
